 Dungeon Sprint DCSS version 0.21-a0-225-g207ae17 (webtiles) character file.

14380 minicreteconcrete the Impassioned (level 11, 0/111 HPs)
             Began as a Deep Dwarf Fighter on Aug 28, 2017.
             Was a Follower of Uskayaw.
             Slain by a yellow draconian
             ... wielding a +0 halberd
              (3 damage)
             ... in the Dungeon (Sprint V: "Ziggurat Sprint").
             The game lasted 00:06:24 (237 turns).

minicreteconcrete the Impassioned (DDFi)             Turns: 237, Time: 00:06:25

Health: 0/111      AC: 30    Str: 33    XL:     11   Next: 88%
Magic:  22/22      EV:  5    Int:  9    God:    Uskayaw [*.....]
Gold:   0          SH: 33    Dex: 14    Spells: 10/10 levels left

rFire    . . .     SeeInvis +   M - +14 obsidian axe {chop, +Fly SInv *Curse} (curse)
rCold    . . .     Gourm    .   O - +18 shield of the Gong {rElec rN+ MR+ EV-5}
rNeg     + . .     Faith    .   N - +15 Maxwell's patent armour {-Cast -Tele rElec MR+ rCorr}
rPois    .         Spirit   .   (no helmet)
rElec    +         Reflect  .   (no cloak)
rCorr    +         Harm     .   (no gloves)
MR       +++..     NoTele   +   (no boots) Stlth ..........NoCast +
                                (no amulet)
HPRegen  0.00/turn              J - +6 ring of strength
MPRegen  0.18/turn              K - +6 ring of strength

@: lethally poisoned (0 -> -25), mesmerised, non-regenerating, slowed, very slow
A: damage resistance, heal wounds, sense surroundings 2, no regeneration
a: Heal Wounds, Stomp, Renounce Religion, Evoke Flight


You were in the Dungeon.
You worshipped Uskayaw.
Uskayaw was most pleased with you.
You were not hungry.

You visited 1 branch

Inventory:

Hand Weapons
 a - a +0 war axe
 y - a +5 broad axe
 M - the cursed +14 obsidian axe (weapon) {chop, +Fly SInv *Curse}
   (You found it in the Dungeon)

   It inflicts extra damage upon your enemies.
   It lets you see invisible.
   It lets you fly.
   It curses itself when equipped.
   It has a curse placed upon it.
Armour
 b - a +0 scale mail
 c - a +0 shield
 l - +5 gold dragon scales
 N - the +15 Maxwell's patent armour (worn) {-Cast -Tele rElec MR+ rCorr}
   (You found it in the Dungeon)

   It insulates you from electricity.
   It affects your resistance to hostile enchantments.
   It prevents spellcasting.
   It prevents most forms of teleportation.
   It protects you from acid and corrosion.
 O - the +18 shield of the Gong (worn) {rElec rN+ MR+ EV-5}
   (You found it in the Dungeon)

   It affects your evasion (-5).
   It insulates you from electricity.
   It protects you from negative energy.
   It affects your resistance to hostile enchantments.
 R - the +8 orange crystal plate armour {Archmagi, Int+3 Clar}
   (You found it in the Dungeon)

   It affects your intelligence (+3).
   It protects you against confusion.
Jewellery
 F - a +6 ring of dexterity
 G - a +6 ring of dexterity
 H - a +6 ring of intelligence
 I - a +6 ring of intelligence
 J - a +6 ring of strength (left hand)
 K - a +6 ring of strength (right hand)
Wands
 B - a wand of disintegration (7/24)
 C - a wand of iceblast (4/15)
 D - a wand of lightning (5/15)
 E - a wand of acid (5/15)
Scrolls
 k - 4 scrolls of blinking
 r - 4 scrolls of amnesia
 s - 3 scrolls of recharging
 t - 7 scrolls of fog
 u - a scroll of holy word
 v - 5 scrolls of identify
 w - 5 scrolls of remove curse
 x - 2 scrolls of fear
Potions
 d - 6 potions of might
 e - 9 potions of curing
 g - 10 potions of heal wounds
 h - 6 potions of haste
 i - 6 potions of magic
 j - 3 potions of berserk rage
 m - 2 potions of brilliance
 n - 2 potions of invisibility
 o - 4 potions of resistance
 p - a potion of experience
 q - 5 potions of agility
Books
 P - a book of Enchantments

   Spells                             Type                      Level
   a - Cause Fear                     Hexes                        4
   b - Yara's Violent Unravelling     Hexes/Transmutation          5
   c - Silence                        Hexes/Air                    5
   d - Deflect Missiles               Charms/Air                   6
   e - Discord                        Hexes                        8
Miscellaneous
 L - a lightning rod (4/4)
 Q - a lamp of fire
 S - a box of beasts
Comestibles
 f - 5 bread rations
 z - 42 fruits
 A - 4 meat rations


   Skills:
 + Level 11.2 Fighting
 + Level 16.8 Axes
 + Level 11.5 Armour
 * Level 3.7 Dodging
 - Level 3.1 Stealth
 + Level 14.9 Shields
 * Level 18.0 Invocations


You had 10 spell levels left.
You didn't know any spells.

Dungeon Overview and Level Annotations

Branches:
Dungeon (1/1)

Altars:
Ashenzari
Cheibriados
Dithmenos
Elyvilon
Fedhas
Gozag
Hepliaklqana
Kikubaaqudgha
Makhleb
Nemelex Xobeh
Okawaru
Qazlal
Ru
Sif Muna
Trog
Uskayaw
Vehumet
Wu Jian
Xom
Yredelemnul
Zin
The Shining One
Beogh
Jiyva
Lugonu

Annotations:
D 1 transporter


Innate Abilities, Weirdness & Mutations

You are resistant to damage.
You can heal yourself by infusing magical energy.
You passively map the area around you.
You do not regenerate.


Message History

* * * LOW HITPOINT WARNING * * *
You are lethally poisoned!
The green draconian poisons you!
You can no longer pass through a line of other dancers.
Unknown command.
Unknown command.
You hit the white draconian but do no damage.
You slash the black draconian! You hit the red draconian.
You slice the green draconian!!
Visions of slaying the white draconian flood into your mind.
* * * LOW HITPOINT WARNING * * *
You feel very sick.
Your soul eater hits the red draconian but does no damage.
You block the black draconian's attack.
GONNNNG!
You block the red draconian's attack.
PANG!
The white draconian hits you with a dire flail.
The yellow draconian hits you from afar with a halberd.
You die...

, ▓....©....▓...©...▓ *
* ▓▓▓▓▓▓▓▓▓▓▓▓▓▓▓▓▓▓▓▓▓
© ▓...8©8...▓...8©8...▓
,
,▓..)|=)|..▓..=)))=..▓
, ▓..)||:[..▓....|?)..▓
▓....d....▓.........▓ ,
▓...Xdd...▓....)....▓ ,
▓..ddddd..▓...†|†...▓ ,
,▓...d@335.▓...).)...▓
,
,,▓....53...▓.▓.)...▓.▓
▓.........▓....©....▓ ,
,,
▓....©.§..▓▓▓▓▓▓▓▓▓▓▓
▓▓▓▓▓▓▓▓▓▓▓ * * * * * *
, , , 8 , *,,, , ,,,, ,
, ,, , , , * , , ,, ,
,, , ,


You could see a black draconian, 2 draconians, a green draconian, 3 draconians,
2 draconians, an Orb Guardian, a friendly soul eater, 2 friendly neqoxecs, a
friendly iron imp and a friendly white imp.

Vanquished Creatures
  A greater mummy (D)
  A spriggan druid (D)
  An orb spider (shapeshifter) (D)
  A cyclops (D)
  A salamander (shapeshifter) (D)
  5 draconians (D)
  A guardian mummy (D)
  A jumping spider (D)
  3 merfolk (D)
  A hornet (D)
  2 hippogriffs (D)
  4 spriggans (D)
  A tarantella (D)
  2 neqoxecs (D)
  2 porcupines (D)
  2 black bears (D)
  2 wolves (D)
  A centaur (D)
  4 scorpions (D)
  A jelly (D)
  An iron imp (D)
  An iguana (D)
  2 mummies (D)
  A white imp (D)
  An ooze (D)
  A bat skeleton (D)
  A ball python skeleton (D)
45 creatures vanquished.

Vanquished Creatures (collateral kills)
  A purple draconian (D)
  2 mummy priests (D)
  A spriggan druid (D)
  An ugly thing (D)
  A slime creature (D)
  A neqoxec (D)
  An eye of draining (D)
  A scorpion (D)
  A bat zombie (D)
10 creatures vanquished.

Vanquished Creatures (others)
  Eustachio (D)
  Blork the orc (D)
  Terence (D)
3 creatures vanquished.

Grand Total: 58 creatures vanquished

Notes
Turn   | Place    | Note
-------+----------+-------------------------------------------
     0 | D        | Found the +6 Majin-Bo {vamp, Archmagi MP+6 Int+6}
     0 | D        | Found the +7 great mace "Firestarter" {inner flame, rF++}
     0 | D        | minicreteconcrete the Deep Dwarf Fighter began the quest for the Orb.
     0 | D        | Reached XP level 1. HP: 20/20 MP: 1/1
     3 | D        | Found a blossoming altar of Fedhas.
     3 | D        | Killed Blork the orc
     6 | D        | Found a deep blue altar of Sif Muna.
     6 | D        | Found a sacrificial altar of Ru.
     6 | D        | Found a bloodstained altar of Trog.
     6 | D        | Found a stormy altar of Qazlal.
     6 | D        | Found an iron altar of Okawaru.
     6 | D        | Found a sparkling altar of Nemelex Xobeh.
     6 | D        | Banished a spatial maelstrom
     8 | D        | Found a transporter.
     8 | D        | Found an ancient bone altar of Kikubaaqudgha.
     8 | D        | Found a viscous altar of Jiyva.
     8 | D        | Found a corrupted altar of Lugonu.
     8 | D        | Found a hazy altar of Hepliaklqana.
     8 | D        | Found a burning altar of Makhleb.
     8 | D        | Found an opulent altar of Gozag.
     9 | D        | Killed Terence
    19 | D        | Killed Eustachio
    34 | D        | Found the +9 heavy crossbow "Sniper" {velocity, Acc+∞ SInv}
    34 | D        | Found the +10 dark maul {crush}
    34 | D        | Found the +15 Maxwell's patent armour {-Cast -Tele rElec MR+ rCorr}
    34 | D        | Found the +18 shield of the Gong {rElec rN+ MR+ EV-5}
    34 | D        | Found the cursed +14 obsidian axe {chop, +Fly SInv *Curse}
    57 | D        | Found the +6 shillelagh "Devastator" {shatter}
    57 | D        | Found the +11 plutonium sword {*Contam Stlth-}
    57 | D        | Found the +8 lance "Wyrmbane" {slay drac, rPois rF+ rC+ AC+3}
    57 | D        | Found the +9 sword of Zonguldrok {reap}
    57 | D        | Found the cursed +13 scythe of Curses {drain, *Curse}
    57 | D        | Found the +0 sword of Power
    57 | D        | Found the +10 mace of Variability {chaos}
    57 | D        | Found the +7 Singing Sword
    57 | D        | Found the +7 longbow "Piercer" {penet, EV-2}
    67 | D        | Became a worshipper of Uskayaw the Reveler
    80 | D        | Entered arena 2.
    80 | D        | Noticed a jumping spider
    80 | D        | Noticed a tarantella
    80 | D        | Found a transporter.
    81 | D        | Reached * piety under Uskayaw
    82 | D        | Reached ** piety under Uskayaw
    83 | D        | Killed a tarantella
    83 | D        | Reached skill level 5 in Fighting
    83 | D        | Reached XP level 2. HP: 33/33 MP: 2/2
    83 | D        | Reached XP level 3. HP: 40/40 MP: 3/3
    83 | D        | Reached XP level 4. HP: 48/48 MP: 4/4
    83 | D        | Reached XP level 5. HP: 55/55 MP: 5/5
    83 | D        | Killed a jumping spider
    83 | D        | Reached XP level 6. HP: 66/66 MP: 6/6
    83 | D        | Reached *** piety under Uskayaw
    90 | D        | Entered arena 3.
    90 | D        | Found a transporter.
    96 | D        | Reached skill level 1 in Invocations
   102 | D        | Entered arena 4.
   102 | D        | Noticed a porcupine
   102 | D        | Noticed a porcupine
   102 | D        | Found a transporter.
   105 | D        | Killed a porcupine
   105 | D        | Reached skill level 1 in Stealth
   105 | D        | Reached skill level 2 in Invocations
   105 | D        | Reached **** piety under Uskayaw
   106 | D        | Killed a porcupine
   106 | D        | Reached skill level 3 in Invocations
   106 | D        | Reached XP level 7. HP: 58/74 MP: 6/9
   106 | D        | Reached skill level 4 in Invocations
   106 | D        | Reached ***** piety under Uskayaw
   113 | D        | Entered arena 5.
   113 | D        | Noticed a slime creature
   113 | D        | Found a transporter.
   117 | D        | Killed a slime creature
   117 | D        | Reached skill level 10 in Shields
   117 | D        | Reached skill level 5 in Invocations
   119 | D        | Reached skill level 6 in Invocations
   125 | D        | Entered arena 6.
   125 | D        | Found a transporter.
   127 | D        | Reached XP level 8. HP: 64/82 MP: 1/12
   134 | D        | Entered arena 7.
   134 | D        | Noticed a white ugly thing
   134 | D        | Noticed a salamander
   134 | D        | Noticed an orb spider
   135 | D        | Found a transporter.
   139 | D        | Reached skill level 10 in Axes
   139 | D        | Reached skill level 7 in Invocations
   139 | D        | Killed a white ugly thing
   139 | D        | Reached skill level 8 in Invocations
   142 | D        | Killed a salamander
   142 | D        | Reached skill level 9 in Invocations
   142 | D        | Gained mutation: You passively map the area around you. [Deep Dwarf growth]
   142 | D        | Reached XP level 9. HP: 71/91 MP: 3/15
   145 | D        | Killed an orb spider
   149 | D        | Entered arena 8.
   149 | D        | Noticed a draconian
   149 | D        | Noticed a purple draconian
   149 | D        | Noticed a draconian
   149 | D        | Noticed a draconian
   149 | D        | Noticed a draconian
   149 | D        | Noticed a draconian
   150 | D        | Found the +8 orange crystal plate armour {Archmagi, Int+3 Clar}
   150 | D        | Found a transporter.
   153 | D        | Killed a draconian
   153 | D        | Reached skill level 10 in Armour
   153 | D        | Reached skill level 10 in Invocations
   155 | D        | Reached ****** piety under Uskayaw
   156 | D        | Killed a purple draconian
   158 | D        | Killed a draconian
   158 | D        | Reached skill level 11 in Invocations
   161 | D        | Killed a draconian
   161 | D        | Reached XP level 10. HP: 72/100 MP: 6/18
   161 | D        | Killed a draconian
   162 | D        | Killed a draconian
   169 | D        | Entered arena 9.
   169 | D        | Noticed a cyclops
   170 | D        | Killed a cyclops
   170 | D        | Reached skill level 10 in Fighting
   170 | D        | Reached skill level 12 in Invocations
   170 | D        | Found a transporter.
   171 | D        | Reached skill level 15 in Axes
   175 | D        | Reached skill level 13 in Invocations
   179 | D        | Entered arena 10.
   179 | D        | Noticed a greater mummy
   179 | D        | Noticed a mummy priest
   179 | D        | Noticed a mummy priest
   180 | D        | Found the +7 captain's cutlass {speed, disarm}
   180 | D        | Found a transporter.
   183 | D        | Noticed a death scarab
   183 | D        | Noticed a death scarab
   184 | D        | Noticed a death scarab
   184 | D        | Noticed a death scarab
   184 | D        | Noticed a death scarab
   184 | D        | Noticed a death scarab
   185 | D        | Noticed a death scarab
   185 | D        | Noticed a death scarab
   185 | D        | Noticed a death scarab
   185 | D        | Killed a mummy priest
   185 | D        | Reached skill level 14 in Invocations
   186 | D        | Noticed a reaper
   188 | D        | Killed a mummy priest
   189 | D        | Noticed a reaper
   190 | D        | HP: 4/103 [reaper/scythe of venom[a mummy priest's death curse] (18)]
   191 | D        | Killed a greater mummy
   191 | D        | Reached skill level 1 in Dodging
   191 | D        | Reached skill level 17 in Invocations
   191 | D        | Reached XP level 11. HP: 4/111 MP: 21/23
   204 | D        | HP: 2/111 [reaper/scythe of venom[a mummy priest's death curse] (11)]
   218 | D        | Entered arena 11.
   218 | D        | Noticed a spriggan druid
   218 | D        | Noticed a spriggan druid
   218 | D        | Noticed a spriggan rider
   219 | D        | Found a transporter.
   222 | D        | Killed a spriggan druid
   223 | D        | Killed a spriggan rider
   226 | D        | Killed a spriggan druid
   226 | D        | Reached skill level 18 in Invocations
   233 | D        | Entered arena 12.
   233 | D        | Noticed a red draconian
   233 | D        | Noticed a black draconian
   233 | D        | Noticed a green draconian
   233 | D        | Noticed a white draconian
   233 | D        | Noticed a red draconian
   234 | D        | Noticed a red draconian
   234 | D        | Noticed a yellow draconian
   234 | D        | Noticed an Orb Guardian
   234 | D        | Noticed a white draconian
   234 | D        | Noticed a yellow draconian
   235 | D        | Found a transporter.
   237 | D        | HP: 3/111 [poisoned by a green draconian]
   237 | D        | Slain by a yellow draconian

Vault maps used:
D:        sprint_v

Skill      XL: |  1  2  3  4  5  6  7  8  9 10 11 |
---------------+----------------------------------+-----
Fighting       | 5 7 8 9 11 | 11.2
Axes           | 4 6 7 9 11 14 16 | 16.8
Armour         | 6 8 9 10 11 | 11.5
Shields        | 6 8 9 10 11 12 14 | 14.9
Invocations    | 3 6 9 11 17 18 | 18.0
Stealth        | 1 2 3 |  3.1
Dodging        | 1 3 |  3.7

Action                   |  1- 3 |  4- 6 |  7- 9 | 10-12 || total
-------------------------+-------+-------+-------+-------++-------
Melee: Broad axe         |     2 |     8 |    22 |    28 ||    60
Invok: Grand Finale      |       |       |       |     2 ||     2
 Abil: Heal Wounds       |       |       |       |    11 ||    11
Evoke: Wand              |     1 |       |       |       ||     1
  Use: Potion            |       |       |       |     2 ||     2
 Stab: Paralysed         |       |     3 |     2 |    14 ||    19
       Distracted        |       |       |     1 |     1 ||     2
Armor: Plate armour      |     2 |     8 |     5 |    41 ||    56
Dodge: Dodged            |       |       |     1 |     5 ||     6
Block: Shield            |     6 |    22 |    31 |   100 ||   159

Table legend:
 A = Spawn XP
 B = Non-spawn XP
 C = Spawn XP percentage of total XP
 D = Spawn monster count
 E = Non-spawn monster count
 F = Spawn count percentage of total count
 G = Total turns spent on level
                    A         B        C        D         E        F      G
               +---------+---------+-------+---------+---------+-------+---------
         Total |       0 |   20543 |   0.0 |       0 |      55 |   0.0 |   237
               +---------+---------+-------+---------+---------+-------+---------
             D |       0 |   20543 |   0.0 |       0 |      55 |   0.0 |   237
               +---------+---------+-------+---------+---------+-------+---------
